 Dungeon Crawl Stone Soup version 0.23.2-1-ga50397a6bc (webtiles) character file.

Game seed: 2655334897904656844

137 PentaManta the Cutter (level 5, -2/30 HPs)
             Began as a Kobold Hunter on May 31, 2019.
             Killed from afar by an orc wizard (5 damage)
             ... with a magic dart
             ... on level 3 of the Dungeon.
             The game lasted 00:04:34 (1492 turns).

PentaManta the Cutter (Kobold Hunter)               Turns: 1492, Time: 00:04:34

Health: -2/30      AC:  6    Str:  9    XL:     5   Next: 43%
Magic:  5/5        EV: 14    Int: 13    God:
Gold:   36         SH:  0    Dex: 16    Spells: 4/4 levels left

rFire    . . .     SeeInvis .   a - +1 hand crossbow
rCold    . . .     Gourm    .   (shield restricted)
rNeg     . . .     Faith    .   q - +1 leather armour {rPois}
rPois    +         Spirit   .   j - +0 helmet
rElec    .         Reflect  .   (no cloak)
rCorr    .         Harm     .   e - +0 pair of gloves
MR       .....                  (no boots)
Stlth    ++........             (no amulet)
HPRegen  0.10/turn              (no ring)
MPRegen  0.09/turn              (no ring)

@: no status effects
A: small, carnivore
a: no special abilities


You were on level 3 of the Dungeon.
You were hungry.

You visited 1 branch of the dungeon, and saw 3 of its levels.

You collected 36 gold pieces.

Inventory:

Hand Weapons
 a - a +1 hand crossbow (weapon)
 b - a +0 short sword
 h - a +0 dagger
 n - a +0 hunting sling
Missiles
 o - 29 stones (quivered)
Armour
 e - a +0 pair of gloves (worn)
 j - a +0 helmet (worn)
 q - a +1 leather armour of poison resistance (worn)
Scrolls
 g - 3 scrolls of remove curse
 i - a scroll of identify
 k - a scroll of immolation {unknown}
 l - 2 scrolls of teleportation {unknown}
 p - a scroll of enchant weapon {unknown}
Potions
 m - a potion of haste {unknown}
Comestibles
 f - 7 rations


   Skills:
 - Level 2.1 Fighting
 + Level 6.2 Short Blades
 - Level 4.8 Crossbows
 - Level 2.4 Dodging
 - Level 1.3 Stealth


You had 4 spell levels left.
You didn't know any spells.
Your spell library was empty.

Dungeon Overview and Level Annotations

Branches:
Dungeon (3/15)

Altars:
Dithmenos
Elyvilon
Fedhas
Wu Jian
The Shining One


Innate Abilities, Weirdness & Mutations

You are small and have problems with some larger weapons.
You are carnivorous and can eat meat at any time.


Message History

Aim: an orc wizard, wielding a +0 dagger and wearing a +0 robe (heavily wounded, fast)
You shoot a bolt. The bolt barely misses the orc wizard.
The adder hisses angrily.
A quokka comes into view.
An orc comes into view. It is wielding a +0 hand axe.
An orc comes into view.
Throwing (i - inventory)
o - 30 stones (quivered)
Press: ? - help, Shift-Dir - straight line, f/p - orc wizard
Aim: an orc wizard, wielding a +0 dagger and wearing a +0 robe (heavily wounded, fast)
You throw a stone. The stone misses the orc wizard.
The orc shouts! x2
The orc hits you from afar with a +0 trident!
* * * LOW HITPOINT WARNING * * *
An orc comes into view. It is wielding a +0 war axe.
The orc wizard hits you with a +0 dagger.
* * * LOW HITPOINT WARNING * * *
The orc wizard closely misses you.
The orc wizard gestures at you while chanting.
The magic dart hits you.
You die...

.................
....o......[.8.....8
....o...............
#...r...............
.#.%..S..............
(((..?oo........>....
........o............
.............8.....8..
.........o@)).........
................$.(...
..............####....
.....?................
.......((#......#.....#
##..###.##.....###...#
##. #. ###...<..# # ##
##.....# #.....#


You could see an orc wizard, an adder, 5 orcs and a quokka.

Vanquished Creatures
  A bullfrog (D:3)
  2 adders
  An ooze (D:1)
  A dart slug (D:1)
  A leopard gecko (D:1)
  4 giant cockroaches
  4 goblins
  5 hobgoblins
  2 jackals (D:1)
  5 kobolds
  2 quokkas (D:2)
  A ball python (D:2)
  9 bats
  2 frilled lizards
  11 rats
51 creatures vanquished.

Notes
Turn   | Place    | Note
-------+----------+-------------------------------------------
     0 | D:1      | PentaManta the Kobold Hunter began the quest for the Orb.
     0 | D:1      | Reached XP level 1. HP: 12/12 MP: 1/1
    26 | D:1      | Reached skill level 1 in Short Blades
    86 | D:1      | Reached skill level 2 in Short Blades
    86 | D:1      | Reached XP level 2. HP: 17/17 MP: 2/2
   134 | D:1      | Reached skill level 3 in Short Blades
   164 | D:1      | Reached XP level 3. HP: 21/21 MP: 3/3
   643 | D:2      | Reached skill level 4 in Short Blades
   802 | D:2      | Found a white marble altar of Elyvilon.
   897 | D:2      | Reached XP level 4. HP: 17/26 MP: 4/4
  1120 | D:2      | Found a glowing golden altar of the Shining One.
  1123 | D:2      | Found an ornate altar of the Wu Jian Council.
  1126 | D:2      | Found a shadowy altar of Dithmenos.
  1385 | D:2      | Found a blossoming altar of Fedhas.
  1429 | D:3      | Noticed a bullfrog
  1434 | D:3      | Killed a bullfrog
  1434 | D:3      | Reached skill level 6 in Short Blades
  1434 | D:3      | Reached XP level 5. HP: 30/30 MP: 5/5
  1492 | D:3      | Killed from afar by an orc wizard

Skill      XL: |  1  2  3  4 |
---------------+-------------+-----
Short Blades   | 2 3 4 6 |  6.2
Fighting       | |  2.1
Crossbows      | |  4.8
Dodging        | |  2.4
Stealth        | |  1.3

Action                   |  1- 3 |  4- 6 || total
-------------------------+-------+-------++-------
Melee: Dagger            |    44 |    15 ||    59
       Short sword       |       |    21 ||    21
 Fire: Hand crossbow     |    63 |    16 ||    79
Throw: Stone             |       |     1 ||     1
  Use: Scroll            |     2 |       ||     2
 Stab: Sleeping          |       |     2 ||     2
  Eat: Chunk             |       |     1 ||     1
Armor: Leather armour    |    15 |    24 ||    39
Dodge: Dodged            |    43 |    72 ||   115
